 Dungeon Crawl Stone Soup version 0.19.1 (webtiles) character file.

177 CanadianGator the Chopper (level 5, -3/47 HPs)
             Began as a Hill Orc Fighter on Nov 25, 2016.
             Killed by nerve-wracking pain
             ... invoked by Grinder
              (13 damage)
             ... on level 3 of the Dungeon.
             The game lasted 00:04:06 (2141 turns).

CanadianGator the Chopper (Hill Orc Fighter)        Turns: 2141, Time: 00:04:06

Health: -3/47      AC:  8    Str: 20    XL:     5   Next: 57%
Magic:  5/5        EV:  7    Int:  8    God:
Gold:   124        SH:  9    Dex: 10    Spells: 0 memorised, 4 levels left

rFire  + . .     SeeInvis .     a - +0 war axe
rCold  . . .     Gourm    .     b - +0 scale mail
rNeg   . . .     Faith    .     c - +0 shield
rPois  .         Spirit   .     d - +0 helmet
rElec  .         Reflect  .     (no cloak)
rCorr  .         Harm     .     (no gloves)
MR     .....                    (no boots)
Stlth  ..........               (no amulet)
                                (no ring)
                                e - ring of protection from fire

@: no status effects
A: no striking features
a: no special abilities


You were on level 3 of the Dungeon.
You were not hungry.

You visited 1 branch of the dungeon, and saw 3 of its levels.

You collected 124 gold pieces.

Inventory:

Hand Weapons
 a - a +0 war axe (weapon)
Armour
 b - a +0 scale mail (worn)
 c - a +0 shield (worn)
 d - a +0 helmet (worn)
Jewellery
 e - a ring of protection from fire (left hand)
Scrolls
 h - 2 scrolls of identify {unknown}
 k - a scroll of immolation {unknown}
 l - a scroll of blinking {unknown}
 n - a scroll of remove curse {unknown}
 p - a scroll of fog {unknown}
 t - a scroll of fear {unknown}
 u - a scroll of teleportation {unknown}
Potions
 g - 2 potions of heal wounds {unknown}
 i - 2 potions of curing {unknown}
 j - a potion of cure mutation {unknown}
 o - a potion of haste {unknown}
 q - a potion of magic {unknown}
 r - a potion of mutation {unknown}
 s - a potion of degeneration {unknown}
 v - a potion of flight {unknown}
 w - a potion of ambrosia {unknown}
Comestibles
 f - a bread ration
 m - a beef jerky


   Skills:
 + Level 4.4 Fighting
 * Level 5.0 Axes
 + Level 4.4 Armour
 + Level 1.3 Dodging
 - Level 3.2 Shields


You had 4 spell levels left.
You didn't know any spells.

Dungeon Overview and Level Annotations

Branches:
Dungeon (3/15)

Altars:

Annotations:
D:3 Grinder


Message History

You shrug off the repeated paralysis!
Grinder hits you.
You writhe in agony.
You closely miss Grinder.
Grinder is severely wounded.
Grinder gestures at you.
You shrug off the repeated paralysis!
You closely miss Grinder.
Grinder is severely wounded.
Grinder gestures at you. Pain shoots through your body!
* * * LOW HITPOINT WARNING * * *
You are too injured to fight recklessly!
You are too injured to fight recklessly!
You slash Grinder!
Grinder is almost dead.
Grinder barely misses you. You block Grinder's attack.
You hit Grinder but do no damage.
Grinder is almost dead.
Grinder gestures at you. Pain shoots through your body!
You die...

.. .. .# .# .# #+#
.# #.#########.#
#.##........#
######.##.#####@.#
............# #.5#
##......#......#
##...#.#####.##
##.##.# #.# #.##.#
#.# #.##.. ..#
#.#### ### #.#


You could see Grinder.

Vanquished Creatures
  Ijyb (D:3)
  Robin (D:2)
  3 gnolls (D:2)
  3 adders
  An ooze (D:2)
  A worm (D:2)
  5 dart slugs
  3 leopard geckos
  2 ball pythons (D:1)
  4 bats
  4 giant cockroaches
  13 goblins
  9 hobgoblins
  2 frilled lizards (D:2)
  5 kobolds
  6 rats
63 creatures vanquished.

Notes
Turn   | Place    | Note
-------+----------+-------------------------------------------
     0 | D:1      | CanadianGator the Hill Orc Fighter began the quest for the Orb.
     0 | D:1      | Reached XP level 1. HP: 19/19 MP: 1/1
    90 | D:1      | Reached XP level 2. HP: 20/27 MP: 2/2
   187 | D:1      | Reached skill level 3 in Axes
   392 | D:2      | Noticed Robin
   398 | D:2      | Killed Robin
   398 | D:2      | Reached XP level 3. HP: 30/33 MP: 3/3
   402 | D:2      | Reached skill level 1 in Dodging
   592 | D:2      | Reached XP level 4. HP: 37/40 MP: 4/4
   881 | D:2      | Reached skill level 4 in Axes
  1426 | D:2      | Reached XP level 5. HP: 27/46 MP: 5/5
  1974 | D:3      | Noticed Ijyb
  2000 | D:3      | Killed Ijyb
  2000 | D:3      | Reached skill level 5 in Axes
  2130 | D:3      | Noticed Grinder
  2133 | D:3      | Paralysed by Grinder for 3 turns
  2141 | D:3      | Killed from afar by Grinder

Skill      XL: |  1  2  3  4  5 |
---------------+----------------+-----
Axes           | 3 4 5 |  5.0
Armour         | 4 |  4.4
Dodging        | 1 |  1.3
Fighting       | 4 |  4.4
Shields        | |  3.2

Action                   |  1- 3 |  4- 6 || total
-------------------------+-------+-------++-------
Melee: War axe           |    62 |   136 ||   198
  Use: Potion            |     1 |       ||     1
  Eat: Chunk             |       |     4 ||     4
Armor: Scale mail        |    45 |    58 ||   103
Dodge: Dodged            |    24 |    34 ||    58
Block: Shield            |    36 |    50 ||    86
